 Dungeon Crawl Stone Soup version 0.30-a0-166-g5d06c95188 (webtiles) character file.

Game seed: 14707988399155504570

36236 qw the Cleaver (level 13, -5/84 HPs)
             Began as a Gargoyle Fighter on Sept 28, 2022.
             Was a High Priest of Okawaru.
             Slain by a death yak (18 damage)
             ... led by a torpor snail
             ... on level 5 of the Lair of Beasts.
             The game lasted 00:06:22 (14780 turns).

qw the Cleaver (Gargoyle Fighter)                  Turns: 14780, Time: 00:06:23

Health: -5/84      AC: 36    Str: 25    XL:     13   Next: 89%
Magic:  16/20      EV: 13    Int: 12    God:    Okawaru [*****.]
Gold:   735        SH: 11    Dex:  9    Spells: 12/12 levels left

rFire   . . .      SeeInvis +    Y - +4 war axe
rCold   . . .      Faith    .    c - +0 buckler
rNeg    + . .      Spirit   .    n - +5 plate armour
rPois   inf        Reflect  +    t - +0 helmet of Qusisuty {Int+3}
rElec   +          Harm     .    (no cloak)
rCorr   .          Rampage  .    p - +2 pair of gloves
Will    .....                    (no boots)
Stlth   ..........               b - amulet of reflection
HPRegen 0.24/turn                g - ring of see invisible
MPRegen 0.17/turn                m - +4 ring of evasion

@: heroic, finesse-ful, slowed, very slow
A: sickness immunity, AC +9, negative energy resistance 1, electricity
resistance, torment resistance 1, petrification resistance
a: Renounce Religion, Heroism, Finesse, Duel


You were on level 5 of the Lair of Beasts.
You worshipped Okawaru.
Okawaru was extremely pleased with you.
You visited 3 branches of the dungeon, and saw 17 of its levels.
You also visited: Ossuary.

You collected 937 gold pieces.
You spent 202 gold pieces at shops.


Innate Abilities, Weirdness & Mutations

You are immune to sickness and miasma.
Your stone body is resilient. (AC +9)
You are immune to poison.
You resist negative energy. (rN+)
You are resistant to electric shocks. (rElec)
You are resistant to unholy torment.
You are immune to petrification.


   Skills:
 - Level 11.0(16.0) Fighting
 + Level 14.7(19.7) Axes
 - Level 3.7(8.7) Throwing
 - Level 10.0(15.0) Armour
 - Level 2.0(7.0) Dodging
 - Level 7.1(12.1) Shields
 - Level 10.0 Invocations


You had 12 spell levels left.
You didn't know any spells.
Your spell library was empty.

Inventory:

Hand Weapons
 q - a +0 demon whip of electrocution
 Y - a +4 war axe (weapon)
Missiles
 h - 2 boomerangs (quivered)
Armour
 c - a +0 buckler (worn)
 n - a +5 plate armour (worn)
 p - a +2 pair of gloves (worn)
 t - the +0 helmet of Qusisuty (worn) {Int+3}
   (Okawaru gifted it to you on level 1 of the Lair of Beasts)

   Int:       It affects your intelligence (+3).
Jewellery
 a - a ring of resist corrosion
 b - an amulet of reflection (around neck)
 g - a ring of see invisible (left hand)
 m - a +4 ring of evasion (right hand)
 o - a ring of protection from cold
 r - a ring of ice
 s - a +4 ring of slaying {mikee}
Scrolls
 j - 6 scrolls of identify
Potions
 d - 4 potions of might
 e - a potion of haste
 f - 2 potions of resistance
 i - 3 potions of curing
 k - a potion of attraction
 l - 3 potions of lignification
 v - a potion of magic

Dungeon Overview and Level Annotations

Branches:
Dungeon (11/15)            Temple (1/1) D:4            Lair (5/5) D:10
  Swamp (0/4) Lair:2       Spider (0/4) Lair:3          Orc (0/2) D:10
Ossuary (visited)
  Slime: Lair:4-5

Altars:
Ashenzari
Cheibriados
Dithmenos
Elyvilon
Fedhas
Gozag
Hepliaklqana
Kikubaaqudgha
Makhleb
Nemelex Xobeh
Okawaru
Qazlal
Ru
Sif Muna
Trog
Vehumet
Wu Jian
Xom
Yredelemnul
Zin
The Shining One

Shops:
D:1 =   D:6 [


Message History

The wyvern is almost dead.
You hit the death yak but do no damage. x2
The wyvern bites you.
The death yak gores you but does no damage. x2
You barely miss the wyvern.
The wyvern is almost dead.
You barely miss the death yak. x2; You slash the yak!
You block the wyvern's attack.
You slash the wyvern!
You kill the wyvern!
Okawaru accepts your kill.
You hit the yak. You hit the death yak. x2
The death yak gores you. The yak gores you.
You hit the yak but do no damage.
The yak is moderately wounded.
You barely miss the death yak. x2; You hit the yak.
You slice the yak!!
The yak is almost dead.
You slash the death yak! You hit the death yak but do no damage.
You slash the yak! The yak gores you but does no damage.
The death yak gores you! You block the death yak's attack.
You hit the yak.
You kill the yak!
Okawaru accepts your kill.
You hit the death yak but do no damage. You slash the yak!
You hit the death yak but do no damage. You block the death yak's attack.
The death yak gores you!
You slice the yak!!
The yak is almost dead.
You hit the komodo dragon. You slash the death yak! You hit the death yak.
You hit the yak. You hit the yak.
You kill the yak!
Okawaru accepts your kill.
You barely miss the death yak. You slice the death yak!! You slash the yak!
You slash the komodo dragon! The komodo dragon closely misses you.
The yak gores you but does no damage. The death yak gores you!!
You die...

##... ...##
###..P.##
#.#.....#
####.P......
#.#.........
#..[.......
###..Y......
#...@Y......
#..lYYw.....
##..........
#..........
##.........
##.......P
##......#
......#


You could see 2 death yaks, a torpor snail, a komodo dragon and 2 yaks.

Vanquished Creatures
  Nessos (Lair:3)
  Fannar (D:10)
  2 catoblepae
  3 hydras
  A death yak (Lair:4)
  A thrashing horror (Lair:5)
  Amaemon (Lair:1)
  An ugly thing (Lair:5)
  A manticore (D:11)
  5 black mambas
  Joseph (Lair:1)
  An orange demon (Lair:1)
  7 cane toads
  A smoke demon (Lair:5)
  A torpor snail (Lair:4)
  A rime drake (shapeshifter) (Lair:5)
  A kobold demonologist (D:10)
  3 rime drakes
  5 komodo dragons
  2 ancient zymes (Lair:5)
  A yaktaur (shapeshifter) (Lair:5)
  A troll (D:10)
  A queen bee (shapeshifter) (Lair:5)
  4 polar bears
  Prince Ribbit (D:5)
  A hornet (D:9)
  5 tyrant leeches (Lair:2)
  5 dream sheep (Lair:3)
  28 blink frogs
  2 jumping spiders (Lair:3)
  A ynoxinul (Lair:5)
  8 yaks
  Sigmund (D:3)
  A wraith (D:10)
  2 wyverns
  Grum (Lair:1)
  7 basilisks
  A chaos spawn (Lair:5)
  A redback (Lair:3)
  2 steam dragons (D:8)
  Edmund (D:5)
  Menkaure (D:5)
  2 swamp worms (Lair:2)
  14 water moccasins
  An acid dragon (D:9)
  Duvessa (D:4)
  2 orc warriors
  2 sky beasts (D:8)
  4 black bears
  3 ogres
  18 wolves
  2 phantoms
  A centaur (D:10)
  4 kobold brigands
  Blork the orc (D:5)
  5 scorpions
  9 bullfrogs
  10 small abominations (Lair:5)
  Dowan (D:4)
  24 killer bees
  An electric eel (D:10)
  4 howler monkeys
  A crimson imp (D:8)
  4 orc priests
  5 hounds
  A jelly (D:5)
  A gnoll bouda (D:4)
  A human zombie (Ossuary)
  Ijyb (D:5)
  An iguana (D:6)
  6 orc wizards
  4 mummies (Ossuary)
  6 gnolls (D:4)
  8 adders
  A shadow imp (D:7)
  2 worms
  3 dart slugs
  28 orcs
  9 bats
  4 endoplasms
  6 giant cockroaches
  3 gnoll zombies (Ossuary)
  7 goblins
  5 hobgoblins
  7 jackals
  7 quokkas
  6 ball pythons
  2 frilled lizards (D:1)
  A goblin zombie (Ossuary)
  A hobgoblin zombie (Ossuary)
  2 jackal zombies (Ossuary)
  21 kobolds
  An orc zombie (Ossuary)
  9 rats
  3 rat zombies (Ossuary)
392 creatures vanquished.

Vanquished Creatures (others)
  8 fungi
  13 plants
  5 toadstools (D:1)
26 creatures vanquished.

Grand Total: 418 creatures vanquished

Notes
Turn   | Place    | Note
-------+----------+-------------------------------------------
     0 | D:1      | qw the Gargoyle Fighter began the quest for the Orb.
     0 | D:1      | Reached XP level 1. HP: 14/14 MP: 1/1
     0 | D:1      | 0 ||| qw: Version: 0.2-a-12-gaebbb33
     0 | D:1      | 0 ||| qw: Game counter: 989
     0 | D:1      | 0 ||| qw: Always use a shield: true
     0 | D:1      | 0 ||| qw: God list: Okawaru
     0 | D:1      | 0 ||| qw: Allow faded altars: false
     0 | D:1      | 0 ||| qw: Do Orc after D:15 true
     0 | D:1      | 0 ||| qw: Do second Lair branch before Depths: true
     0 | D:1      | 0 ||| qw: Lair rune preference: random
     0 | D:1      | 0 ||| qw: Plans: Normal, Zot:1-4, God:TSO, Crypt, Tomb,
                  | Pan, Slime:5, Hells, Abyss, Orb
     0 | D:1      | 0 ||| PLANNING D:1-11
    42 | D:1      | Reached skill level 2 in Axes
   113 | D:1      | Reached XP level 2. HP: 10/19 MP: 2/2
   656 | D:1      | Reached skill level 3 in Axes
   848 | D:1      | Reached XP level 3. HP: 23/23 MP: 3/3
  1012 | D:1      | Found Asopn's Jewellery Shop.
  1019 | D:1      | 1019 ||| SHOPLISTING +4 ring of evasion (360 gold, have
                  | 65).
  1019 | D:1      | 1019 ||| SHOPLISTING amulet of guardian spirit (300 gold,
                  | have 65).
  1019 | D:1      | 1019 ||| SHOPLISTING amulet of the acrobat (300 gold, have
                  | 65).
  1019 | D:1      | 1019 ||| SHOPLISTING ring "Peroaj" {rPois rC++ Will+ rCorr
                  | Str-3} (494 gold, have 65).
  1019 | D:1      | 1019 ||| SHOPLISTING ring of willpower (250 gold, have 65).
  1197 | D:1      | 1197 ||| READING scroll labelled BAIZOR JOU.
  1198 | D:1      | 1198 ||| READING scroll labelled KASICI UNISS.
  1203 | D:1      | 1203 ||| READING scroll labelled VOT WUF HAF.
  1204 | D:1      | 1204 ||| READING scroll labelled ENEXIRORIPS.
  1205 | D:1      | 1205 ||| READING scroll labelled QUKLEO NIXACA.
  1273 | D:2      | 1273 ||| READING scroll of enchant weapon.
  1273 | D:2      | 1273 ||| ENCHANTING +1 war axe.
  1388 | D:2      | 1388 ||| Stepping ~*~*~tactically~*~*~ (stealth).
  1390 | D:2      | 1390 ||| Stepping ~*~*~tactically~*~*~ (hiding).
  1391 | D:2      | 1391 ||| Stepping ~*~*~tactically~*~*~ (hiding).
  1398 | D:2      | Reached XP level 4. HP: 28/28 MP: 4/4
  1407 | D:2      | Reached skill level 4 in Axes
  1470 | D:2      | Found an ornate altar of the Wu Jian Council.
  1471 | D:2      | 1471 ||| DROPPING +0 club.
  1474 | D:2      | 1474 ||| Stepping ~*~*~tactically~*~*~ (stealth).
  1669 | D:2      | 1669 ||| Stepping ~*~*~tactically~*~*~ (hiding).
  1872 | D:2      | 1872 ||| DROPPING +0 mace.
  2029 | D:2      | 2029 ||| DROPPING orb of energy.
  2030 | D:2      | 2030 ||| UPGRADING to +0 chain mail.
  2040 | D:2      | 2040 ||| DROPPING +0 scale mail.
  2041 | D:2      | 2041 ||| DROPPING amulet of faith.
  2042 | D:2      | 2042 ||| UPGRADING to ring of see invisible.
  2043 | D:2      | 2043 ||| UPGRADING to +4 ring of evasion.
  2134 | D:3      | Noticed Sigmund
  2135 | D:3      | 2135 ||| Stepping ~*~*~tactically~*~*~ (hiding).
  2143 | D:3      | Killed Sigmund
  2144 | D:3      | Reached skill level 5 in Axes
  2144 | D:3      | Reached XP level 5. HP: 24/32 MP: 5/5
  2144 | D:3      | Reached XP level 6. HP: 28/37 MP: 6/6
  2311 | D:3      | 2311 ||| Stepping ~*~*~tactically~*~*~ (stealth).
  2369 | D:3      | 2369 ||| DROPPING +0 flail.
  2512 | D:3      | 2512 ||| DROPPING +2 flail of protection.
  2747 | D:3      | 2747 ||| UPGRADING to amulet of regeneration.
  2763 | D:4      | 2763 ||| PLANNING OSSUARY
  2766 | D:4      | 2766 ||| STAIRDANCE
  2782 | D:4      | Noticed Duvessa
  2795 | D:4      | Killed Duvessa
  2795 | D:4      | Noticed Dowan
  2796 | D:4      | 2796 ||| FLEEEEING.
  2797 | D:4      | 2797 ||| FLEEEEING.
  2798 | D:4      | 2798 ||| FLEEEEING.
  2801 | D:4      | 2801 ||| STAIRDANCE
  2811 | D:4      | Killed Dowan
  2812 | D:4      | Reached skill level 6 in Axes
  2812 | D:4      | Found a staircase to the Ecumenical Temple.
  2835 | D:4      | 2835 ||| Stepping ~*~*~tactically~*~*~ (hiding).
  2837 | D:4      | 2837 ||| Stepping ~*~*~tactically~*~*~ (hiding).
  2844 | D:4      | Reached XP level 7. HP: 44/44 MP: 7/7
  2853 | D:4      | Reached skill level 1 in Dodging
  3155 | D:4      | Identified the +1 ring mail "Duvex" {+Blink}
  3205 | D:4      | Found a sand-covered staircase.
  3206 | D:4      | 3206 ||| DROPPING +1 ring mail "Duvex" {+Blink}.
  3207 | D:4      | 3207 ||| READING scroll labelled SEREYJOBIOMM.
  3208 | D:4      | 3208 ||| READING scroll labelled AXTUAM SYNT.
  3209 | D:4      | 3209 ||| READING 4 scrolls of identify.
  3209 | D:4      | 3209 ||| IDENTIFYING smoky cyan potion
  3210 | D:4      | 3210 ||| READING 3 scrolls of identify.
  3210 | D:4      | 3210 ||| IDENTIFYING fizzy purple potion
  3211 | D:4      | 3211 ||| READING 2 scrolls of identify.
  3211 | D:4      | 3211 ||| IDENTIFYING bubbling yellow potion
  3212 | D:4      | 3212 ||| DROPPING potion of berserk rage.
  3213 | D:4      | 3213 ||| DROPPING potion of degeneration.
  3214 | D:4      | 3214 ||| DROPPING potion of ambrosia.
  3223 | Ossuary  | Entered an ossuary
  3320 | Ossuary  | Reached skill level 7 in Axes
  3454 | Ossuary  | 3454 ||| UPGRADING to +0 plate armour.
  3464 | Ossuary  | 3464 ||| DROPPING +0 chain mail.
  3465 | Ossuary  | 3465 ||| DROPPING +6 ring of dexterity.
  3466 | Ossuary  | 3466 ||| READING 3 scrolls labelled ZESEJALOKU.
  3467 | Ossuary  | 3467 ||| READING 2 scrolls of enchant armour.
  3467 | Ossuary  | 3467 ||| ENCHANTING +0 plate armour.
  3468 | Ossuary  | 3468 ||| READING scroll of enchant armour.
  3468 | Ossuary  | 3468 ||| ENCHANTING +1 plate armour.
  3469 | Ossuary  | 3469 ||| READING scroll labelled MACSYL YSKU.
  3470 | Ossuary  | 3470 ||| DRINKING 2 emerald potions.
  3471 | Ossuary  | 3471 ||| DRINKING 3 black potions.
  3472 | Ossuary  | 3472 ||| READING 3 scrolls of identify.
  3472 | Ossuary  | 3472 ||| IDENTIFYING viscous emerald potion
  3473 | Ossuary  | 3473 ||| READING 2 scrolls of identify.
  3473 | Ossuary  | 3473 ||| IDENTIFYING fizzy white potion
  3474 | Ossuary  | 3474 ||| DROPPING potion of magic.
  3488 | D:4      | 3488 ||| PLANNING TEMPLE
  3490 | D:4      | 3490 ||| Stepping ~*~*~tactically~*~*~ (stealth).
  3491 | D:4      | 3491 ||| Stepping ~*~*~tactically~*~*~ (stealth).
  3510 | D:4      | 3510 ||| FLEEEEING.
  3511 | D:4      | 3511 ||| FLEEEEING.
  3512 | D:4      | 3512 ||| FLEEEEING.
  3513 | D:4      | 3513 ||| FLEEEEING.
  3540 | Temple   | Entered the Ecumenical Temple
  3543 | Temple   | 3543 ||| PLANNING OKAWARU WORSHIP
  3700 | Temple   | Became a worshipper of Warmaster Okawaru
  3701 | Temple   | 3701 ||| PLANNING D:1-11
  3959 | D:4      | 3959 ||| READING scroll of teleportation.
  3962 | D:4      | 3962 ||| FLEEEEING.
  4068 | D:5      | Entered Level 5 of the Dungeon
  4069 | D:5      | 4069 ||| STAIRDANCE
  4075 | D:5      | 4075 ||| STAIRDANCE
  4088 | D:4      | Reached XP level 8. HP: 45/49 MP: 8/8
  4103 | D:5      | 4103 ||| STAIRDANCE
  4128 | D:5      | 4128 ||| READING scroll of enchant weapon.
  4128 | D:5      | 4128 ||| ENCHANTING +2 war axe.
  4243 | D:5      | Noticed Ijyb
  4255 | D:5      | Killed Ijyb
  4255 | D:5      | Reached * piety under Okawaru
  4417 | D:5      | Reached skill level 1 in Invocations
  4418 | D:5      | Found a shimmering altar of Xom.
  4427 | D:5      | Noticed Menkaure
  4428 | D:5      | 4428 ||| INVOKING Heroism.
  4446 | D:5      | 4446 ||| INVOKING Heroism.
  4451 | D:5      | Killed Menkaure
  4452 | D:5      | Reached skill level 8 in Axes
  4506 | D:5      | 4506 ||| INVOKING Heroism.
  4515 | D:5      | Reached skill level 3 in Invocations
  4560 | D:5      | 4560 ||| READING scroll of enchant armour.
  4560 | D:5      | 4560 ||| ENCHANTING +2 plate armour.
  4597 | D:5      | Noticed Blork the orc
  4598 | D:5      | 4598 ||| INVOKING Heroism.
  4610 | D:5      | Killed Blork the orc
  4764 | D:5      | Noticed Edmund
  4764 | D:5      | Noticed Prince Ribbit
  4765 | D:5      | 4765 ||| INVOKING Heroism.
  4780 | D:5      | 4780 ||| INVOKING Heroism.
  4782 | D:5      | Killed Prince Ribbit
  4782 | D:5      | Killed Edmund
  4783 | D:5      | Reached skill level 6 in Fighting
  4783 | D:5      | Reached XP level 9. HP: 52/56 MP: 8/12
  4937 | D:5      | 4937 ||| UPGRADING to +2 pair of gloves.
  4942 | D:5      | 4942 ||| READING scroll labelled BICIUJU KUVUNT.
  5146 | D:6      | 5146 ||| READING scroll of enchant weapon.
  5146 | D:6      | 5146 ||| ENCHANTING +3 war axe.
  5308 | D:6      | Found a white marble altar of Elyvilon.
  5342 | D:6      | Found Beiwez's Antique Armour Shoppe.
  5355 | D:6      | 5355 ||| BUYING runed chain mail (202 gold).
  5355 | D:6      | Bought a runed chain mail for 202 gold pieces
  5455 | D:6      | 5455 ||| INVOKING Heroism.
  5564 | D:6      | 5564 ||| DROPPING +0 chain mail of willpower.
  5565 | D:6      | 5565 ||| READING 3 scrolls of identify.
  5565 | D:6      | 5565 ||| IDENTIFYING sedimented puce potion
  5566 | D:6      | 5566 ||| READING 2 scrolls of identify.
  5566 | D:6      | 5566 ||| IDENTIFYING coppery potion
  5567 | D:6      | 5567 ||| DROPPING potion of invisibility.
  5568 | D:6      | 5568 ||| DROPPING potion of brilliance.
  5668 | D:6      | Found an opulent altar of Gozag.
  5814 | D:6      | 5814 ||| READING 2 scrolls of identify.
  5814 | D:6      | 5814 ||| IDENTIFYING fizzy sapphire potion
  5815 | D:6      | 5815 ||| DROPPING potion of flight.
  5885 | D:7      | 5885 ||| INVOKING Heroism.
  5892 | D:7      | 5892 ||| Stepping ~*~*~tactically~*~*~ (stealth).
  5939 | D:7      | 5939 ||| Stepping ~*~*~tactically~*~*~ (stealth).
  5943 | D:7      | 5943 ||| Stepping ~*~*~tactically~*~*~ (stealth).
  5955 | D:7      | 5955 ||| INVOKING Heroism.
  5967 | D:7      | Reached skill level 1 in Throwing
  5967 | D:7      | Reached ** piety under Okawaru
  6079 | D:7      | Found a broken altar of Ashenzari.
  6087 | D:7      | 6087 ||| Stepping ~*~*~tactically~*~*~ (stealth).
  6091 | D:7      | 6091 ||| INVOKING Heroism.
  6099 | D:7      | Reached skill level 9 in Axes
  6320 | D:7      | 6320 ||| INVOKING Heroism.
  6619 | D:7      | 6619 ||| UPGRADING to amulet of reflection.
  6629 | D:7      | 6629 ||| DROPPING amulet of regeneration.
  6630 | D:7      | 6630 ||| DROPPING ring of willpower.
  6631 | D:7      | 6631 ||| READING scroll labelled ODOQIU RAUSK.
  6632 | D:7      | 6632 ||| READING 3 scrolls of identify.
  6632 | D:7      | 6632 ||| IDENTIFYING smoky coppery potion
  6680 | D:8      | 6680 ||| INVOKING Heroism.
  6686 | D:8      | 6686 ||| Stepping ~*~*~tactically~*~*~ (stealth).
  6693 | D:8      | Reached skill level 6 in Armour
  6696 | D:8      | 6696 ||| Stepping ~*~*~tactically~*~*~ (stealth).
  6697 | D:8      | 6697 ||| Stepping ~*~*~tactically~*~*~ (stealth).
  6704 | D:8      | Reached XP level 10. HP: 63/63 MP: 13/13
  6709 | D:8      | 6709 ||| INVOKING Heroism.
  6760 | D:8      | Found a hazy altar of Hepliaklqana.
  6796 | D:8      | 6796 ||| Stepping ~*~*~tactically~*~*~ (cloud).
  6802 | D:8      | 6802 ||| INVOKING Heroism.
  6816 | D:8      | 6816 ||| Stepping ~*~*~tactically~*~*~ (stealth).
  6817 | D:8      | 6817 ||| Stepping ~*~*~tactically~*~*~ (stealth).
  6818 | D:8      | 6818 ||| Stepping ~*~*~tactically~*~*~ (stealth).
  6824 | D:8      | Reached *** piety under Okawaru
  6826 | D:8      | Reached skill level 10 in Axes
  6829 | D:8      | 6829 ||| INVOKING Heroism.
  6892 | D:8      | 6892 ||| INVOKING Heroism.
  6901 | D:8      | 6901 ||| Stepping ~*~*~tactically~*~*~ (cloud).
  6902 | D:8      | 6902 ||| Stepping ~*~*~tactically~*~*~ (cloud).
  7026 | D:8      | 7026 ||| DRINKING 2 potions of curing.
  7026 | D:8      | 7026 ||| (to cure confusion)
  7040 | D:8      | 7040 ||| READING scroll of enchant armour.
  7040 | D:8      | 7040 ||| ENCHANTING +3 plate armour.
  7237 | D:8      | Found a burning altar of Makhleb.
  7527 | D:9      | Found an ancient bone altar of Kikubaaqudgha.
  7616 | D:9      | 7616 ||| FLEEEEING.
  7617 | D:9      | 7617 ||| FLEEEEING.
  7618 | D:9      | 7618 ||| FLEEEEING.
  7621 | D:9      | 7621 ||| FLEEEEING.
  7622 | D:9      | 7622 ||| FLEEEEING.
  7623 | D:9      | 7623 ||| FLEEEEING.
  7624 | D:9      | 7624 ||| FLEEEEING.
  7625 | D:9      | 7625 ||| FLEEEEING.
  7626 | D:9      | 7626 ||| FLEEEEING.
  7627 | D:9      | 7627 ||| FLEEEEING.
  7633 | D:9      | 7633 ||| FLEEEEING.
  7634 | D:9      | 7634 ||| FLEEEEING.
  7635 | D:9      | 7635 ||| FLEEEEING.
  7636 | D:9      | 7636 ||| FLEEEEING.
  7637 | D:9      | 7637 ||| FLEEEEING.
  7638 | D:9      | 7638 ||| FLEEEEING.
  7639 | D:9      | 7639 ||| FLEEEEING.
  7641 | D:9      | 7641 ||| FLEEEEING.
  7642 | D:9      | 7642 ||| FLEEEEING.
  7643 | D:9      | 7643 ||| FLEEEEING.
  7644 | D:9      | 7644 ||| FLEEEEING.
  7645 | D:9      | 7645 ||| FLEEEEING.
  7646 | D:9      | 7646 ||| FLEEEEING.
  7647 | D:9      | 7647 ||| FLEEEEING.
  7648 | D:9      | 7648 ||| FLEEEEING.
  7649 | D:9      | 7649 ||| FLEEEEING.
  7650 | D:9      | 7650 ||| FLEEEEING.
  7651 | D:9      | 7651 ||| FLEEEEING.
  7652 | D:9      | 7652 ||| FLEEEEING.
  7653 | D:9      | 7653 ||| FLEEEEING.
  7654 | D:9      | 7654 ||| FLEEEEING.
  7655 | D:9      | 7655 ||| FLEEEEING.
  7656 | D:9      | 7656 ||| FLEEEEING.
  7659 | D:9      | 7659 ||| FLEEEEING.
  7664 | D:9      | 7664 ||| FLEEEEING.
  7669 | D:9      | 7669 ||| FLEEEEING.
  7670 | D:9      | 7670 ||| FLEEEEING.
  7671 | D:9      | 7671 ||| FLEEEEING.
  7672 | D:9      | 7672 ||| FLEEEEING.
  7673 | D:9      | 7673 ||| FLEEEEING.
  7674 | D:9      | 7674 ||| FLEEEEING.
  7675 | D:9      | 7675 ||| FLEEEEING.
  7676 | D:9      | 7676 ||| FLEEEEING.
  7677 | D:9      | 7677 ||| FLEEEEING.
  7678 | D:9      | 7678 ||| FLEEEEING.
  7679 | D:9      | 7679 ||| FLEEEEING.
  7681 | D:9      | 7681 ||| STAIRDANCE
  7736 | D:8      | 7736 ||| READING 7 scrolls of identify.
  7736 | D:8      | 7736 ||| IDENTIFYING fuming pink potion
  7739 | D:9      | 7739 ||| STAIRDANCE
  7772 | D:9      | 7772 ||| DRINKING potion of curing.
  7772 | D:9      | 7772 ||| (to cure confusion)
  7805 | D:9      | You fall into a shaft and drop 2 floors!
  7861 | D:11     | Noticed a manticore
  7862 | D:11     | 7862 ||| INVOKING Heroism.
  7868 | D:11     | Killed a manticore
  7869 | D:11     | Reached skill level 3 in Throwing
  7902 | D:11     | 7902 ||| INVOKING Heroism.
  8078 | D:10     | Entered Level 10 of the Dungeon
  8082 | D:10     | 8082 ||| INVOKING Heroism.
  8084 | D:10     | Found a staircase to the Lair.
  8130 | D:10     | Noticed a kobold demonologist
  8134 | D:10     | Noticed a smoke demon
  8136 | D:10     | 8136 ||| Stepping ~*~*~tactically~*~*~ (water).
  8138 | D:10     | 8138 ||| INVOKING Heroism.
  8146 | D:10     | HP: 16/64 [something (7)]
  8147 | D:10     | 8147 ||| READING 4 scrolls of teleportation.
  8148 | D:10     | 8148 ||| DRINKING 3 potions of heal wounds.
  8150 | D:10     | Killed a kobold demonologist
  8154 | D:10     | Reached **** piety under Okawaru
  8155 | D:10     | Reached skill level 11 in Axes
  8324 | D:9      | 8324 ||| Stepping ~*~*~tactically~*~*~ (hiding).
  8336 | D:9      | 8336 ||| INVOKING Heroism.
  8338 | D:9      | Reached XP level 11. HP: 47/68 MP: 11/14
  8561 | D:9      | 8561 ||| Stepping ~*~*~tactically~*~*~ (stealth).
  8562 | D:9      | 8562 ||| Stepping ~*~*~tactically~*~*~ (stealth).
  8751 | D:9      | 8751 ||| PLANNING LAIR
  8795 | D:10     | Found a staircase to the Orcish Mines.
  8852 | D:10     | Found a basalt altar of Yredelemnul.
  8853 | D:10     | 8853 ||| DROPPING +4 ring of protection.
  8875 | D:10     | Noticed Fannar
  8876 | D:10     | 8876 ||| Stepping ~*~*~tactically~*~*~ (hiding).
  8877 | D:10     | 8877 ||| Stepping ~*~*~tactically~*~*~ (hiding).
  8887 | D:10     | 8887 ||| INVOKING Heroism.
  8895 | D:10     | HP: 7/68 [Fannar/bolt of cold (22)]
  8896 | D:10     | 8896 ||| READING 3 scrolls of teleportation.
  8897 | D:10     | 8897 ||| DRINKING 2 potions of heal wounds.
  8899 | D:10     | Killed Fannar
  8900 | D:10     | Reached skill level 6 in Invocations
  9188 | D:10     | 9188 ||| INVOKING Heroism.
  9202 | D:10     | 9202 ||| DROPPING orb of mayhem.
  9226 | Lair:1   | Entered Level 1 of the Lair of Beasts
  9227 | Lair:1   | 9227 ||| INVOKING Heroism.
  9407 | Lair:1   | 9407 ||| INVOKING Heroism.
  9408 | Lair:1   | 9408 ||| Stepping ~*~*~tactically~*~*~ (stealth).
  9411 | Lair:1   | 9411 ||| Stepping ~*~*~tactically~*~*~ (stealth).
  9412 | Lair:1   | 9412 ||| Stepping ~*~*~tactically~*~*~ (hiding).
  9412 | Lair:1   | Noticed Amaemon
  9413 | Lair:1   | 9413 ||| Stepping ~*~*~tactically~*~*~ (hiding).
  9417 | Lair:1   | Noticed Joseph
  9423 | Lair:1   | Reached ***** piety under Okawaru
  9437 | Lair:1   | Killed Amaemon
  9438 | Lair:1   | Reached skill level 9 in Fighting
  9440 | Lair:1   | HP: 13/71 [Joseph/+1 quarterstaff of speed (9)]
  9441 | Lair:1   | 9441 ||| READING 2 scrolls of teleportation.
  9441 | Lair:1   | HP: 2/71 [Joseph/+1 quarterstaff of speed (11)]
  9442 | Lair:1   | 9442 ||| DRINKING potion of heal wounds.
  9445 | Lair:1   | 9445 ||| Stepping ~*~*~tactically~*~*~ (hiding).
  9447 | Lair:1   | 9447 ||| READING scroll of teleportation.
  9447 | Lair:1   | HP: 6/71 [Joseph/sling bullet (8)]
  9462 | Lair:1   | 9462 ||| INVOKING Heroism.
  9467 | Lair:1   | HP: 7/71 [water moccasin (3)]
  9475 | Lair:1   | Killed Joseph
  9815 | Lair:1   | 9815 ||| Stepping ~*~*~tactically~*~*~ (stealth).
  9818 | Lair:1   | 9818 ||| INVOKING Heroism.
  9865 | Lair:1   | Noticed Grum
  9866 | Lair:1   | 9866 ||| Stepping ~*~*~tactically~*~*~ (hiding).
  9867 | Lair:1   | 9867 ||| Stepping ~*~*~tactically~*~*~ (hiding).
  9872 | Lair:1   | 9872 ||| INVOKING Heroism.
  9873 | Lair:1   | 9873 ||| INVOKING Finesse.
  9888 | Lair:1   | Killed Grum
 10024 | Lair:1   | Noticed a catoblepas
 10025 | Lair:1   | 10025 ||| Stepping ~*~*~tactically~*~*~ (hiding).
 10029 | Lair:1   | 10029 ||| INVOKING Heroism.
 10030 | Lair:1   | 10030 ||| INVOKING Finesse.
 10042 | Lair:1   | Killed a catoblepas
 10042 | Lair:1   | Identified the +0 helmet of Qusisuty {Int+3} (Okawaru
                  | gifted it to you on level 1 of the Lair of Beasts)
 10042 | Lair:1   | Received a gift from Okawaru
 10248 | Lair:1   | 10248 ||| INVOKING Heroism.
 10408 | Lair:1   | 10408 ||| INVOKING Heroism.
 10417 | Lair:1   | Reached skill level 9 in Invocations
 10474 | Lair:1   | 10474 ||| UPGRADING to +0 helmet of Qusisuty {Int+3}.
 10479 | Lair:1   | 10479 ||| READING 6 scrolls of identify.
 10479 | Lair:1   | 10479 ||| IDENTIFYING fuming golden potion
 10618 | Lair:2   | Reached XP level 12. HP: 75/76 MP: 18/18
 10624 | Lair:2   | Found a staircase to the Swamp.
 10627 | Lair:2   | 10627 ||| INVOKING Heroism.
 10649 | Lair:2   | 10649 ||| INVOKING Heroism.
 10893 | Lair:2   | 10893 ||| INVOKING Heroism.
 11046 | Lair:2   | 11046 ||| INVOKING Heroism.
 11054 | Lair:2   | Reached skill level 12 in Axes
 11067 | Lair:2   | 11067 ||| Stepping ~*~*~tactically~*~*~ (stealth).
 11068 | Lair:2   | 11068 ||| Stepping ~*~*~tactically~*~*~ (stealth).
 11084 | Lair:2   | 11084 ||| READING scroll of enchant armour.
 11084 | Lair:2   | 11084 ||| ENCHANTING +4 plate armour.
 11151 | Lair:2   | Noticed a five-headed hydra
 11152 | Lair:2   | 11152 ||| INVOKING Heroism.
 11153 | Lair:2   | 11153 ||| INVOKING Finesse.
 11155 | Lair:2   | 11155 ||| SWAPPING to +0 demon whip of electrocution.
 11160 | Lair:2   | Killed a five-headed hydra
 11161 | Lair:2   | Reached skill level 6 in Shields
 11161 | Lair:2   | 11161 ||| SWAPPING to +4 war axe.
 11235 | Lair:2   | Noticed a catoblepas
 11236 | Lair:2   | 11236 ||| INVOKING Heroism.
 11243 | Lair:2   | Killed a catoblepas
 11287 | Lair:2   | 11287 ||| INVOKING Heroism.
 11298 | Lair:2   | Reached skill level 9 in Armour
 11349 | Lair:2   | 11349 ||| Stepping ~*~*~tactically~*~*~ (stealth).
 11350 | Lair:2   | 11350 ||| Stepping ~*~*~tactically~*~*~ (stealth).
 11373 | Lair:2   | 11373 ||| FLEEEEING.
 11387 | Lair:2   | 11387 ||| FLEEEEING.
 11391 | Lair:2   | 11391 ||| FLEEEEING.
 11392 | Lair:2   | 11392 ||| FLEEEEING.
 11549 | Lair:2   | 11549 ||| INVOKING Heroism.
 11820 | Lair:3   | Noticed Nessos
 11821 | Lair:3   | 11821 ||| Stepping ~*~*~tactically~*~*~ (hiding).
 11826 | Lair:3   | 11826 ||| Stepping ~*~*~tactically~*~*~ (hiding).
 11835 | Lair:3   | Killed Nessos
 12076 | Lair:3   | 12076 ||| INVOKING Heroism.
 12103 | Lair:3   | Reached skill level 13 in Axes
 12121 | Lair:3   | 12121 ||| INVOKING Heroism.
 12171 | Lair:3   | 12171 ||| Stepping ~*~*~tactically~*~*~ (hiding).
 12176 | Lair:3   | Reached XP level 13. HP: 82/82 MP: 20/20
 12308 | Lair:3   | 12308 ||| Stepping ~*~*~tactically~*~*~ (stealth).
 12358 | Lair:3   | 12358 ||| Stepping ~*~*~tactically~*~*~ (stealth).
 12360 | Lair:3   | 12360 ||| Stepping ~*~*~tactically~*~*~ (hiding).
 12634 | Lair:3   | 12634 ||| INVOKING Heroism.
 12635 | Lair:3   | 12635 ||| INVOKING Finesse.
 12637 | Lair:3   | 12637 ||| SWAPPING to +0 demon whip of electrocution.
 12644 | Lair:3   | 12644 ||| SWAPPING to +4 war axe.
 12685 | Lair:3   | Found a hole to the Spider Nest.
 12721 | Lair:3   | 12721 ||| READING scroll labelled IBRIXK QIOC.
 12722 | Lair:3   | 12722 ||| READING 3 scrolls labelled ZAIRGH HIAT.
 12723 | Lair:3   | 12723 ||| DROPPING 2 scrolls of magic mapping.
 12778 | Lair:4   | 12778 ||| INVOKING Heroism.
 12779 | Lair:4   | 12779 ||| INVOKING Finesse.
 12782 | Lair:4   | 12782 ||| SWAPPING to +0 demon whip of electrocution.
 12785 | Lair:4   | Received a gift from Okawaru
 12786 | Lair:4   | 12786 ||| SWAPPING to +4 war axe.
 12919 | Lair:4   | 12919 ||| INVOKING Heroism.
 12943 | Lair:4   | 12943 ||| INVOKING Heroism.
 12947 | Lair:4   | Reached skill level 14 in Axes
 12983 | Lair:4   | 12983 ||| INVOKING Heroism.
 12984 | Lair:4   | 12984 ||| Stepping ~*~*~tactically~*~*~ (stealth).
 12985 | Lair:4   | 12985 ||| Stepping ~*~*~tactically~*~*~ (stealth).
 13069 | Lair:4   | 13069 ||| INVOKING Heroism.
 13120 | Lair:4   | Found a shimmering altar of Xom.
 13201 | Lair:4   | 13201 ||| INVOKING Heroism.
 13208 | Lair:4   | Received a gift from Okawaru
 13325 | Lair:4   | 13325 ||| INVOKING Heroism.
 13326 | Lair:4   | 13326 ||| INVOKING Finesse.
 13346 | Lair:4   | Identified the +3 ring mail "Ezavotuo" {rElec Will+++ Int+3
                  | Stlth+} (Okawaru gifted it to you on level 4 of the Lair of
                  | Beasts)
 13346 | Lair:4   | Received a gift from Okawaru
 13805 | Lair:5   | Entered Level 5 of the Lair of Beasts
 13815 | Lair:5   | 13815 ||| STAIRDANCE
 13933 | Lair:5   | 13933 ||| INVOKING Heroism.
 13936 | Lair:5   | 13936 ||| Stepping ~*~*~tactically~*~*~ (stealth).
 14007 | Lair:5   | 14007 ||| INVOKING Heroism.
 14144 | Lair:5   | 14144 ||| INVOKING Heroism.
 14158 | Lair:5   | 14158 ||| Stepping ~*~*~tactically~*~*~ (stealth).
 14202 | Lair:5   | 14202 ||| Stepping ~*~*~tactically~*~*~ (stealth).
 14203 | Lair:5   | 14203 ||| Stepping ~*~*~tactically~*~*~ (stealth).
 14205 | Lair:5   | 14205 ||| Stepping ~*~*~tactically~*~*~ (hiding).
 14210 | Lair:5   | 14210 ||| INVOKING Heroism.
 14226 | Lair:5   | 14226 ||| Stepping ~*~*~tactically~*~*~ (stealth).
 14262 | Lair:5   | 14262 ||| Stepping ~*~*~tactically~*~*~ (hiding).
 14278 | Lair:5   | 14278 ||| INVOKING Heroism.
 14380 | Lair:5   | 14380 ||| FLEEEEING.
 14381 | Lair:5   | 14381 ||| FLEEEEING.
 14382 | Lair:5   | 14382 ||| FLEEEEING.
 14383 | Lair:5   | 14383 ||| FLEEEEING.
 14518 | Lair:5   | 14518 ||| Stepping ~*~*~tactically~*~*~ (stealth).
 14535 | Lair:5   | 14535 ||| INVOKING Heroism.
 14593 | Lair:5   | 14593 ||| Stepping ~*~*~tactically~*~*~ (stealth).
 14668 | Lair:5   | 14668 ||| INVOKING Heroism.
 14686 | Lair:5   | 14686 ||| Stepping ~*~*~tactically~*~*~ (stealth).
 14728 | Lair:5   | 14728 ||| Stepping ~*~*~tactically~*~*~ (stealth).
 14729 | Lair:5   | 14729 ||| INVOKING Heroism.
 14752 | Lair:5   | 14752 ||| Stepping ~*~*~tactically~*~*~ (stealth).
 14753 | Lair:5   | 14753 ||| FLEEEEING.
 14755 | Lair:5   | 14755 ||| FLEEEEING.
 14762 | Lair:5   | HP: 20/84 [ancient zyme (9)]
 14763 | Lair:5   | 14763 ||| READING scroll of teleportation.
 14764 | Lair:5   | 14764 ||| DRINKING potion of heal wounds.
 14769 | Lair:5   | 14769 ||| INVOKING Finesse.
 14778 | Lair:5   | HP: 12/84 [death yak[a torpor snail] (12)]
 14780 | Lair:5   | Slain by a death yak

Levels and vault maps discovered:
D:1:      ldierk_walled_garden, layout_loops_ring, serial_shops,
          nicolae_shop_waterfront
D:2:      layout_loops_cross, basic_altar, wad_orctagon
D:3:      layout_rooms, corner_web_ring, nicolae_titane, uniq_sigmund
D:4:      kennysheep_big_flooded_room, layout_basic, minmay_temple_entry_glass,
          enter_ossuary_3, uniq_duvessa
D:5:      layout_rooms, xom_teletrap_fun, uniq_edmund, uniq_prince_ribbit1,
          uniq_blork_the_orc, uniq_ijyb, uniq_menkaure
D:6:      layout_basic, mainiacjoe_overflow_alcove_1,
          mainiacjoe_overflow_alcove_2, serial_shops, shop,
          roderic_roman_lattice, serial_bayou_ford_a
D:7:      layout_basic, ashenzari_altar_1, minmay_misc_feat_pillars,
          amcnicky_mini_corridor_feature
D:8:      layout_rooms, lemuel_round_altar, makhleb_grotto_becter
D:9:      layout_irregular_city, overflow_temple_1_default
D:10:     layout_irregular_city, mainiacjoe_overflow_alcove_4,
          mainiacjoe_overflow_six_doors_small, erik_lair_island, orc_0_dummy,
          uniq_fannar
D:11:     layout_long_grid
Temple:   nicolae_temple_bog_church
Lair:1:   layout_gridlike, uniq_grum, uniq_amaemon, uniq_joseph
Lair:2:   layout_hall_layers, minmay_swamp_entry_worms,
          chequers_serial_rivers_small_b
Lair:3:   layout_cave_pods, spider_nest_entry_funnel_web, serial_rivers,
          chequers_serial_rivers_small_3, chequers_serial_rivers_small_3,
          chequers_serial_rivers_small_b, chequers_serial_rivers_small_b,
          chequers_serial_rivers_small_b, uniq_nessos
Lair:4:   layout_hall_layers, basic_altar, serial_bayou_shore_b,
          lemuel_fruit_tree, infiniplex_staircase_pool_2
Lair:5:   hellmonk_lair_end_abyssal_woods, layout_concentric_octagons,
          dpeg_slime_entry_enclosed, serial_bayou_shore_b

Skill      XL: |  1  2  3  4  5  6  7  8  9 10 11 12 13 |
---------------+----------------------------------------+-----
Axes           | 2 3 5 6 7 8 9 11 13 14 | 14.7
Fighting       | 4 5 6 7 8 9 10 11 | 11.0
Dodging        | 1 2 |  2.0
Armour         | 4 6 7 9 10 | 10.0
Invocations    | 4 5 9 10 | 10.0
Throwing       | 1 3 |  3.7
Shields        | 4 5 6 7 |  7.1

Action                   |  1- 3 |  4- 6 |  7- 9 | 10-12 | 13-15 || total
-------------------------+-------+-------+-------+-------+-------++-------
Melee: War axe           |    95 |    84 |   288 |   509 |   311 ||  1287
       Demon whip        |       |       |       |     3 |     5 ||     8
Throw: Boomerang         |       |       |    17 |    83 |    74 ||   174
       Javelin           |       |       |       |     8 |       ||     8
Invok: Heroism           |       |       |    12 |    29 |    16 ||    57
       Finesse           |       |       |       |     3 |     4 ||     7
  Use: Scroll            |     6 |       |    21 |     8 |     3 ||    38
       Potion            |       |       |     2 |     5 |     1 ||     8
Armor: Scale mail        |    42 |     9 |       |       |       ||    51
       Chain mail        |       |    15 |    33 |       |       ||    48
       Plate armour      |       |       |   118 |   216 |   100 ||   434
Dodge: Dodged            |    41 |    31 |   164 |   198 |    97 ||   531
Block: Buckler           |    15 |    12 |    85 |   241 |   121 ||   474
       Reflection        |       |       |     1 |    14 |       ||    15

Table legend:
 A = Non-vault XP
 B = Vault XP
 C = Vault XP percentage of total XP
 D = Non-vault monster count
 E = Vault monster count
 F = Vault count percentage of total count
                 A         B        C        D         E       F
            +---------+---------+-------+---------+---------+-------
      Total |   35153 |   16815 |  32.4 |     302 |      90 |  23.0
            +---------+---------+-------+---------+---------+-------
        D:1 |      53 |       0 |   0.0 |      31 |       0 |   0.0
        D:2 |      62 |      12 |  16.2 |      14 |       4 |  22.2
        D:3 |      57 |     214 |  79.0 |      16 |       1 |   5.9
        D:4 |     711 |     214 |  23.1 |      34 |       4 |  10.5
        D:5 |     425 |     766 |  64.3 |      13 |       5 |  27.8
        D:6 |     245 |       0 |   0.0 |       4 |       0 |   0.0
        D:7 |    1530 |       0 |   0.0 |      30 |       0 |   0.0
        D:8 |    1498 |      50 |   3.2 |      27 |       1 |   3.6
        D:9 |     955 |       0 |   0.0 |      18 |       0 |   0.0
       D:10 |    1061 |    1796 |  62.9 |       9 |       9 |  50.0
       D:11 |     909 |       0 |   0.0 |       6 |       0 |   0.0
     Lair:1 |    5152 |    2193 |  29.9 |      21 |       7 |  25.0
     Lair:2 |    7893 |    1767 |  18.3 |      28 |       7 |  20.0
     Lair:3 |    5380 |    1503 |  21.8 |      17 |       4 |  19.0
     Lair:4 |    6747 |       0 |   0.0 |      26 |       0 |   0.0
     Lair:5 |    2475 |    8172 |  76.8 |       8 |      32 |  80.0
    Ossuary |       0 |     128 | 100.0 |       0 |      16 | 100.0
            +---------+---------+-------+---------+---------+-------
